 Dungeon Crawl Stone Soup version 0.29.1-15-g9cfb28693d (webtiles) character file.

Game seed: 2565713251708787686

52 Lolow the Chopper (level 4, 0/35 HPs)
             Began as a Human Cinder Acolyte on May 17, 2023.
             Was an Elder of Ignis.
             Slain by an adder (1 damage)
             ... on level 2 of the Dungeon.
             The game lasted 00:10:49 (1501 turns).

Lolow the Chopper (Human Cinder Acolyte)            Turns: 1501, Time: 00:10:50

Health: 0/35       AC:  2    Str: 17    XL:     4   Next: 8%
Magic:  5/5        EV: 11    Int: 14    God:    Ignis [****..]
Gold:   73         SH:  0    Dex:  8    Spells: 5/5 levels left

rFire   + . .      SeeInvis .   a - +0 hand axe (flame)
rCold   . . .      Faith    .   (no shield)
rNeg    . . .      Spirit   .   g - +0 robe
rPois   .          Reflect  .   (no helmet)
rElec   .          Harm     .   (no cloak)
rCorr   .          Rampage  .   (no gloves)
Will    .....                   (no boots)
Stlth   +.........              (no amulet)
HPRegen 0.11/turn               (no ring)
MPRegen 0.09/turn               (no ring)

@: lethally poisoned (0 -> -4)
A: no striking features
a: Renounce Religion, Fiery Armour, Foxfire Swarm, Rising Flame


You were on level 2 of the Dungeon.
You worshipped Ignis.
Ignis was greatly pleased with you.
You visited 1 branch of the dungeon, and saw 2 of its levels.

You collected 73 gold pieces.

Inventory:

Hand Weapons
 a - a +0 hand axe of flaming (weapon)
 b - a +0 sling
Armour
 e - a +1 cloak
 g - a +0 robe (worn)
Scrolls
 c - a scroll of identify {unknown}
 f - a scroll of enchant armour
 h - a scroll of summoning {unknown}
 i - a scroll of teleportation {unknown}
 j - a scroll of noise
 m - a scroll of fear {unknown}
Potions
 d - a potion of haste {unknown}
 k - 2 potions of curing {unknown}
 l - 2 potions of brilliance {unknown}


   Skills:
 + Level 3.4 Fighting
 + Level 3.5 Axes
 + Level 1.3 Dodging
 + Level 1.0 Spellcasting
 + Level 3.4 Fire Magic


You had 5 spell levels left.
You didn't know any spells.
Your spell library contained the following spells:

 Spells                   Type           Power      Damage    Failure   Level
 Scorch                   Fire           20%        2d6       10%         2


Dungeon Overview and Level Annotations

Branches:
Dungeon (2/15)

Altars:


Message History

The adder bites you.
You are poisoned.
The adder poisons you!
Your +0 hand axe of flaming bursts into flame!
a - a +0 hand axe of flaming (weapon)
You feel sick. The adder bites you.
You are more poisoned.
The adder poisons you!
You barely miss the adder.
You feel very sick. The adder bites you.
You closely miss the adder.
You feel sick. The adder closely misses you. The adder bites you.
You are more poisoned.
The adder poisons you!
You completely miss the adder.
You feel very sick. The adder bites you.
You are more poisoned.
The adder poisons you!
You barely miss the adder.
You feel very sick. The adder misses you.
You miss the adder.
You feel sick. The adder bites you. The adder barely misses you.
You hit the adder. You burn the adder.
The adder is heavily wounded.
* * * LOW HITPOINT WARNING * * *
You feel very sick. The adder bites you.
* * * LOW HITPOINT WARNING * * *
You miss the adder.
The adder is heavily wounded.
* * * LOW HITPOINT WARNING * * *
You feel sick. The adder misses you. The adder barely misses you.
You hit the adder. You burn the adder.
The adder is severely wounded.
* * * LOW HITPOINT WARNING * * *
You feel sick. The adder bites you.
You die...

.... #.. ....
#.. ... #..
### #.. ##..
#... #.S#####
#..@...#
#.####.# #
##.##
#.###...#
#.......#
#####....####
#............
##.##.#...###
#.##.#...#


You could see an adder.

Vanquished Creatures
  2 adders (D:2)
  A worm (D:2)
  2 dart slugs
  5 bats (D:1)
  An endoplasm (D:1)
  2 goblins (D:2)
  2 hobgoblins (D:2)
  2 quokkas
  6 ball pythons
  4 frilled lizards
  A kobold (D:1)
  A rat (D:1)
29 creatures vanquished.

Vanquished Creatures (others)
  14 foxfires
14 creatures vanquished.

Grand Total: 43 creatures vanquished

Notes
Turn   | Place    | Note
-------+----------+-------------------------------------------
     0 | D:1      | Lolow the Human Cinder Acolyte began the quest for the Orb.
     0 | D:1      | Reached XP level 1. HP: 18/18 MP: 2/2
   295 | D:1      | Reached XP level 2. HP: 18/24 MP: 3/3
   869 | D:2      | Reached XP level 3. HP: 26/29 MP: 4/4
  1183 | D:2      | Reached skill level 1 in Dodging
  1183 | D:2      | Reached XP level 4. HP: 18/35 MP: 5/5
  1501 | D:2      | HP: 1/35 [poisoned by an adder]
  1501 | D:2      | Slain by an adder

Illustrated notes

Levels and vault maps discovered:
D:1:      scummos_arrival_checkerplants, layout_basic, grunt_decor_junction
D:2:      minmay_chambers_of_ones, layout_basic, minmay_bisected

Skill      XL: |  1  2  3 |
---------------+----------+-----
Dodging        | 1 |  1.3
Fighting       | |  3.4
Axes           | |  3.5
Spellcasting   | |  1.0
Fire Magic     | |  3.4

Action                   |  1- 3 |  4- 6 || total
-------------------------+-------+-------++-------
Melee: Hand axe          |    93 |    13 ||   106
 Fire: Sling             |       |     1 ||     1
Invok: Fiery Armour      |     2 |       ||     2
       Foxfire Swarm     |     1 |     1 ||     2
  Use: Scroll            |     4 |       ||     4
Armor: Robe              |    40 |     2 ||    42
Dodge: Dodged            |    77 |     8 ||    85
